 Dungeon Crawl Stone Soup version 0.30-a0-618-gd6c86c23d0 (webtiles) character file.

Game seed: 7600843323068221819

415 acebull12 the Trooper (level 7, -8/54 HPs)
             Began as a Human Cinder Acolyte on Jan 9, 2023.
             Was a High Priest of Ignis.
             Mangled by a mummy (13 damage)
             ... in an ossuary.
             The game lasted 00:11:45 (3631 turns).

acebull12 the Trooper (Human Cinder Acolyte)        Turns: 3631, Time: 00:11:45

Health: -8/54      AC:  8    Str: 15    XL:     7   Next: 15%
Magic:  1/10       EV:  9    Int: 16    God:    Ignis [*****.]
Gold:   205        SH:  8    Dex:  8    Spells: 8/10 levels left

rFire   + . .      SeeInvis .    a - -1 falchion (flame)
rCold   . . .      Faith    .    f - +1 kite shield
rNeg    . . .      Spirit   .    c - +0 leather armour
rPois   .          Reflect  .    (no helmet)
rElec   .          Harm     .    (no cloak)
rCorr   .          Rampage  .    t - +0 pair of gloves
Will    +....                    (no boots)
Stlth   +                        (no amulet)
HPRegen 0.29/turn                e - +4 ring of protection
MPRegen 0.12/turn                v - ring of willpower

@: very slightly contaminated, studying Ranged Weapons
A: no striking features
a: Renounce Religion, Fiery Armour, Foxfire Swarm, Rising Flame


You were in an ossuary.
You worshipped Ignis.
Ignis was extremely pleased with you.
You visited 1 branch of the dungeon, and saw 4 of its levels.
You also visited: Ossuary.

You collected 205 gold pieces.

Inventory:

Hand Weapons
 a - a -1 falchion of flaming (weapon)
Missiles
 d - 21 stones (quivered)
Armour
 c - a +0 leather armour (worn)
 f - a +1 kite shield (worn)
 t - a +0 pair of gloves (worn)
Jewellery
 e - a +4 ring of protection (left hand)
 v - a ring of willpower (right hand)
Scrolls
 i - a scroll of butterflies
 k - a scroll of teleportation
 u - a scroll of blinking {unknown}
Potions
 g - a potion of ambrosia {unknown}
 h - 2 potions of invisibility
 l - a potion of flight {unknown}
 m - a potion of mutation {unknown}
 n - a potion of might {unknown}
 p - a potion of haste {unknown}
 q - a potion of brilliance {unknown}


   Skills:
 * Level 4.0 Fighting
 + Level 4.0 Long Blades
 + Level 2.1 Armour
 + Level 1.9 Dodging
 + Level 0.4 Stealth
 * Level 2.5 Shields
 * Level 2.0 Spellcasting
 * Level 4.0 Fire Magic


You had 8 spell levels left.
You knew the following spells:

 Your Spells              Type           Power      Damage    Failure   Level
a - Scorch                Fire           28%        2d6       24%         2

Your spell library contained the following spells:

 Spells                   Type           Power      Damage    Failure   Level


Dungeon Overview and Level Annotations

Branches:
Dungeon (4/15)            Ossuary (1/1)
 Temple: D:4-7

Altars:

Annotations:
D:4 Blork the orc


Message History

You block the kobold zombie's attack.
You closely miss the mummy.
The mummy is almost destroyed.
You block the kobold zombie's attack. The mummy closely misses you.
The mummy hits you! The mummy hits you.
* * * LOW HITPOINT WARNING * * *
You hit the mummy. You burn the mummy.
You destroy the mummy!
The kobold zombie completely misses you.
The mummy hits you!
* * * LOW HITPOINT WARNING * * *
You block the mummy's attack.
Casting: Scorch (dangerous; 24% risk of failure)
Confirm with . or Enter, or press ? or * to list all spells.
Flames lash the mummy.
The mummy is burned terribly!
The mummy is moderately damaged.
The mummy's fire resistance burns away.
Casting: Scorch (dangerous; 24% risk of failure)
Confirm with . or Enter, or press ? or * to list all spells.
You miscast Scorch.
You are very lightly contaminated with residual magic.
Nothing appears to happen.
Casting: Scorch (dangerous; 24% risk of failure)
Confirm with . or Enter, or press ? or * to list all spells.
Flames lash the mummy.
The mummy is burned terribly!
The mummy is severely damaged.
You hit the mummy but do no damage.
The mummy is severely damaged.
You block the kobold zombie's attack.
You hit the mummy. You burn the mummy.
You destroy the mummy!
The kobold zombie closely misses you.
Your Fire Magic skill increases to level 4!
Casting: Scorch (dangerous; 24% risk of failure)
Confirm with . or Enter, or press ? or * to list all spells.
You don't have enough magic to cast this spell.
The mummy hits you but does no damage.
There is an empty arch of ancient stone here.
The mummy hits you!
You die...

......
#....#
#....#
#....#
#....#
#....#
#....#
#.M..#
#.M@.#
#.Z∩.#
######


You could see 2 mummies and a kobold zombie.

Vanquished Creatures
  Eustachio (D:4)
  A black bear (D:3)
  Jessica (D:3)
  3 mummies (Ossuary)
  3 gnolls
  An adder (D:3)
  A worm (D:3)
  2 dart slugs (D:1)
  5 orcs
  6 endoplasms
  A giant cockroach (D:1)
  6 goblins
  10 hobgoblins
  3 quokkas (D:1)
  7 ball pythons
  A bat (D:2)
  A frilled lizard (D:1)
  3 gnoll zombies (Ossuary)
  2 hobgoblin zombies (Ossuary)
  6 kobolds
  2 orc zombies (Ossuary)
  3 rats
69 creatures vanquished.

Vanquished Creatures (others)
  A goblin (D:1)
1 creature vanquished.

Grand Total: 70 creatures vanquished

Notes
Turn   | Place    | Note
-------+----------+-------------------------------------------
     0 | D:1      | acebull12 the Human Cinder Acolyte began the quest for the
                  | Orb.
     0 | D:1      | Reached XP level 1. HP: 18/18 MP: 2/2
    97 | D:1      | Reached XP level 2. HP: 22/24 MP: 3/3
   251 | D:1      | HP: 1/24 [something (7)]
  1024 | D:1      | Reached XP level 3. HP: 29/29 MP: 4/4
  1027 | D:1      | Learned a level 2 spell: Scorch
  1793 | D:2      | Found a faded altar of an unknown god.
  2278 | D:2      | Reached XP level 4. HP: 28/35 MP: 5/5
  2408 | D:2      | Reached skill level 1 in Armour
  2522 | D:3      | Reached skill level 1 in Shields
  2724 | D:3      | Noticed a black bear
  2736 | D:3      | Killed a black bear
  2737 | D:3      | Reached XP level 5. HP: 20/42 MP: 5/7
  2922 | D:3      | Noticed Jessica
  3040 | D:3      | Killed Jessica
  3041 | D:3      | Reached XP level 6. HP: 20/48 MP: 8/8
  3194 | D:4      | Noticed Blork the orc
  3233 | D:3      | Reached skill level 1 in Dodging
  3340 | D:4      | Noticed Eustachio
  3380 | D:4      | Killed Eustachio
  3381 | D:4      | Reached XP level 7. HP: 5/54 MP: 8/10
  3384 | D:4      | Found a sand-covered staircase.
  3478 | Ossuary  | Entered an ossuary
  3619 | Ossuary  | HP: 1/54 [mummy (14)]
  3631 | Ossuary  | Mangled by a mummy

Illustrated notes

Levels and vault maps discovered:
D:1:      enne_arrival_octagon_isle, layout_loops_ring, roderic_lattice_a,
          lemuel_flame_loot_1
D:2:      layout_basic, hellmonk_ecumenical_altar_crossroads
D:3:      layout_basic, uniq_jessica
D:4:      layout_loops_cross, nicolae_overflow_squiral,
          nicolae_ossuary_entry_monument, uniq_blork_the_orc, uniq_eustachio,
          uniq_sigmund
Ossuary:  ossuary_tomb_3

Skill      XL: |  1  2  3  4  5  6  7 |
---------------+----------------------+-----
Armour         | 1 2 |  2.1
Shields        | 1 2 |  2.5
Dodging        | 1 |  1.9
Fighting       | 4 |  4.0
Spellcasting   | 2 |  2.0
Long Blades    | 4 |  4.0
Fire Magic     | 4 |  4.0
Stealth        | |  0.4

Action                   |  1- 3 |  4- 6 |  7- 9 || total
-------------------------+-------+-------+-------++-------
Melee: Falchion          |   117 |   139 |    44 ||   300
       Punch             |     1 |       |       ||     1
Throw: Stone             |     1 |       |     1 ||     2
 Cast: Scorch            |       |       |     5 ||     5
Invok: Fiery Armour      |       |     1 |       ||     1
  Use: Scroll            |       |     7 |       ||     7
Armor: Leather armour    |    41 |    78 |    16 ||   135
Dodge: Dodged            |    45 |    74 |    15 ||   134
Block: Kite shield       |    26 |    77 |    16 ||   119

Table legend: (Time is in decaauts)
 A = Elapsed time spent in this place.
 B = Non-inter-level travel time spent in this place.
 C = Inter-level travel time spent in this place.
 D = Time resting spent in this place.
 E = Time spent auto-exploring this place.
 F = Levels seen in this place.
 G = Mean time per level.
                   A        B        C        D        E       F      G
               +--------+--------+--------+--------+--------+-----+--------+
         Total |   3728 |   3508 |    220 |   1188 |   1362 |   5 |  745.6 |
       Dungeon |   3562 |   3342 |    220 |   1120 |   1362 |   4 |  890.5 |
       Ossuary |    165 |    165 |      0 |     68 |      0 |   1 |  165.0 |
               +--------+--------+--------+--------+--------+-----+--------+

Top non-repeatable levels by time:
     D:1: 1765 daAuts
     D:3: 808 daAuts
     D:2: 773 daAuts
     D:4: 215 daAuts
 Ossuary: 165 daAuts
